 Dungeon Crawl Stone Soup version 0.28-a0-1117-g0bdd5ba030 (webtiles) character file.

Game seed: 14913145457227390737

98 SensoryNuts the Slasher (level 4, -3/34 HPs)
             Began as a Demonspawn Gladiator on Dec 11, 2021.
             Was an Initiate of Yredelemnul.
             Slain by Sigmund (5 damage)
             ... on level 2 of the Dungeon.
             The game lasted 00:03:56 (2696 turns).

SensoryNuts the Slasher (Demonspawn Gladiator)      Turns: 2696, Time: 00:03:57

Health: -3/34      AC:  6    Str: 20    XL:     4   Next: 44%
Magic:  4/4        EV: 12    Int: 10    God:    Yredelemnul [......]
Gold:   70         SH:  0    Dex: 11    Spells: 3/3 levels left

rFire   + . .      SeeInvis .   a - +0 long sword
rCold   . . .      Faith    .   (no shield)
rNeg    . . .      Spirit   .   b - +0 leather armour
rPois   .          Reflect  .   c - +0 helmet
rElec   .          Harm     .   (no cloak)
rCorr   .          Rampage  .   (no gloves)
Will    .....                   (no boots)
Stlth   ++........              (no amulet)
HPRegen 0.11/turn               f - ring "Osajo" {rF+ Str+4 Dex-3 Stlth+}
MPRegen 0.09/turn               (no ring)

@: no status effects
A: molten scales 1, weakness stinger 1
a: Renounce Religion, Recall Undead Harvest


You were on level 2 of the Dungeon.
You worshipped Yredelemnul.
Yredelemnul was noncommittal.
You visited 1 branch of the dungeon, and saw 3 of its levels.

You collected 70 gold pieces.

Inventory:

Hand Weapons
 a - a +0 long sword (weapon)
Missiles
 d - 3 throwing nets (quivered)
Armour
 b - a +0 leather armour (worn)
 c - a +0 helmet (worn)
Jewellery
 e - a ring of positive energy
 f - the ring "Osajo" (left hand) {rF+ Str+4 Dex-3 Stlth+}
   (You acquired it on level 2 of the Dungeon)

   [ring of protection from fire]

   Str:       It affects your strength (+4).
   Dex:       It affects your dexterity (-3).
   rF:        It protects you from fire.
   Stlth:     It makes you more stealthy.
 i - an amulet of regeneration


   Skills:
 + Level 2.5 Fighting
 + Level 3.6 Long Blades
 + Level 1.9 Throwing
 + Level 1.2 Armour
 + Level 3.2 Dodging
 + Level 0.8 Stealth


You had 3 spell levels left.
You didn't know any spells.
Your spell library contained the following spells:

 Spells                   Type           Power      Damage    Failure   Level
 Sandblast                Erth           0%         2d4       41%         1
 Summon Small Mammal      Summ           0%         N/A       41%         1
 Passwall                 Tmut/Erth      0%         N/A       56%         2
 Static Discharge         Conj/Air       0%         N/A       56%         2
 Call Canine Familiar     Summ           0%         N/A       80%         3
 Stone Arrow              Conj/Erth      0%         3d7       80%         3
 Summon Guardian Golem    Hex/Summ       0%         N/A       80%         3
 Airstrike                Air            0%         N/A       99%         4
 Dispel Undead            Necr           0%         3d6       99%         4
 Sticky Flame             Conj/Fire      0%         2d3       99%         4
 Summon Lightning Spire   Summ/Air       0%         N/A       99%         4
 Lightning Bolt           Conj/Air       0%         1d11      100%        5


Dungeon Overview and Level Annotations

Branches:
Dungeon (3/15)

Altars:
Yredelemnul

Shops:
D:1 [

Annotations:
D:2 Sigmund


Innate Abilities, Weirdness & Mutations

You are partially covered in molten scales. (AC +2)
You have a small tail.


Message History

You closely miss Sigmund.
Sigmund casts a spell.
Sigmund flickers and vanishes!
Deactivating autopickup; reactivate with Ctrl-A.
Something barely misses you.
You barely miss something. You barely miss something.
Your tail-slap misses something.
You hear some strange, mumbled words.
A magic dart appears from out of thin air!
The magic dart hits you. Something barely misses you.
You miss something.
Unknown command.
You completely miss something. You tail-slap something.
Something hits you but does no damage.
You miss something.
Your tail-slap misses something.
Something barely misses you.
You barely miss something.
Your tail-slap misses something.
You hear some strange, mumbled words.
A magic dart appears from out of thin air!
The magic dart hits you!
The endoplasm jiggles.
You hit something. Something hits you but does no damage.
You closely miss something.
Your tail-slap misses something.
Something hits you.
You barely miss something. Something hits you.
You slash something! You miss something. You tail-slap something.
Something hits you but does no damage.
You barely miss something. Something hits you but does no damage.
You closely miss something. Something hits you!
* * * LOW HITPOINT WARNING * * *
You barely miss something. Something hits you.
* * * LOW HITPOINT WARNING * * *
You closely miss something.
You hear some strange, mumbled words.
Something tries to affect you, but you resist.
There is a stone staircase leading down here.
Something hits you.
You die...
Your body rises from the dead as a mindless zombie.

.#.# .#.# ...# .###
.#####################
...............ZZ....#
.###.......#########.#
.###....(..####### #Z#
............hJ{[@# #Z#
#.#######.######## #Z#
#.. #.# #.# #. #.# #Z#
.# #.##########.#
#@##<...Z.Z..#
#J############
#h######## #.........


You could see an endoplasm and a jackal.

Vanquished Creatures
  Robin (D:2)
  An adder (D:3)
  A worm (D:3)
  6 endoplasms
  4 giant cockroaches
  11 goblins
  12 hobgoblins
  6 jackals
  A ball python (D:3)
  4 bats (D:1)
  7 kobolds
  6 rats
60 creatures vanquished.

Vanquished Creatures (collateral kills)
  4 endoplasms
  A goblin (D:2)
  A ball python (D:1)
6 creatures vanquished.

Vanquished Creatures (others)
  A bat zombie (D:1)
  A giant cockroach zombie (D:2)
  5 goblin zombies (D:2)
  3 hobgoblin zombies (D:2)
  2 jackal zombies (D:2)
  A rat zombie (D:2)
13 creatures vanquished.

Grand Total: 79 creatures vanquished

Notes
Turn   | Place    | Note
-------+----------+-------------------------------------------
     0 | D:1      | SensoryNuts the Demonspawn Gladiator began the quest for
                  | the Orb.
     0 | D:1      | Reached XP level 1. HP: 16/16 MP: 1/1
    21 | D:1      | Gained mutation: You have a small tail. [demonic ancestry]
    21 | D:1      | Reached XP level 2. HP: 15/22 MP: 2/2
   146 | D:1      | Found a faded altar of an unknown god.
   156 | D:1      | Prayed at the altar of an unknown god.
   156 | D:1      | Became a worshipper of Yredelemnul the Dark
   291 | D:1      | Found Qugis's Armour Shop.
   304 | D:1      | Reached * piety under Yredelemnul
   413 | D:1      | Gained mutation: You are partially covered in molten
                  | scales. (AC +2) [demonic ancestry]
   413 | D:1      | Reached XP level 3. HP: 24/27 MP: 3/3
   651 | D:1      | Reached ** piety under Yredelemnul
  1334 | D:2      | Noticed Robin
  1379 | D:2      | Identified a scroll of acquirement
  1379 | D:2      | Acquired the ring "Osajo" {rF+ Str+4 Dex-3 Stlth+}
  1749 | D:3      | Reached skill level 1 in Armour
  1937 | D:3      | Reached XP level 4. HP: 34/34 MP: 4/4
  2253 | D:2      | Killed Robin
  2388 | D:2      | Noticed Sigmund
  2696 | D:2      | Slain by Sigmund

Illustrated notes

Levels and vault maps discovered:
D:1:      dpeg_arrival_court, layout_rooms, serial_shops, shop,
          shapermc_ecumenical_altar_acropolis, serial_bayou_pond_e, hex_medium,
          minivault_4
D:2:      layout_basic, uniq_crazy_yiuf_cottage, uniq_sigmund, uniq_robin,
          uniq_terence
D:3:      layout_rooms, minmay_tree_intersection

Skill      XL: |  1  2  3 |
---------------+----------+-----
Dodging        | 3 |  3.2
Long Blades    | 3 |  3.6
Armour         | 1 |  1.2
Fighting       | |  2.5
Throwing       | |  1.9
Stealth        | |  0.8

Action                   |  1- 3 |  4- 6 || total
-------------------------+-------+-------++-------
Melee: Long sword        |   108 |    53 ||   161
       Tailslap          |    18 |     5 ||    23
  Use: Scroll            |     1 |     1 ||     2
       Potion            |       |     1 ||     1
 Stab: Distracted        |     1 |       ||     1
       Sleeping          |     3 |     1 ||     4
Armor: Leather armour    |    44 |    17 ||    61
Dodge: Dodged            |    64 |    45 ||   109

Table legend: (Time is in decaauts)
 A = Elapsed time spent in this place.
 B = Non-inter-level travel time spent in this place.
 C = Inter-level travel time spent in this place.
 D = Time resting spent in this place.
 E = Time spent auto-exploring this place.
 F = Levels seen in this place.
 G = Mean time per level.
                   A        B        C        D        E       F      G
               +--------+--------+--------+--------+--------+-----+--------+
         Total |   2734 |   2734 |      0 |      0 |   1882 |   3 |  911.3 |
       Dungeon |   2734 |   2734 |      0 |      0 |   1882 |   3 |  911.3 |
               +--------+--------+--------+--------+--------+-----+--------+

Top non-repeatable levels by time:
     D:1: 1046 daAuts
     D:3: 1031 daAuts
     D:2: 656 daAuts
